 Dungeon Crawl Stone Soup version 0.30-a0-859-gf88a04b62d (webtiles) character file.

Game seed: 16719459966276959741

16 jimonade the Magician (level 2, -2/23 HPs)
             Began as a Djinni Warper on Mar 6, 2023.
             Killed by nerve-wracking pain
             ... invoked by Jessica
              (6 damage)
             ... on level 2 of the Dungeon.
             The game lasted 00:01:07 (561 turns).

jimonade the Magician (Djinni Warper)                Turns: 561, Time: 00:01:07

Health: -2/23      AC:  3    Str: 10    XL:     2   Next: 75%
Gold:   35         EV: 11    Int: 14    God:
                   SH:  0    Dex: 12

rFire   + + .      SeeInvis .    a - +0 spear
rCold   x . .      Faith    .    (no shield)
rNeg    . . .      Spirit   .    b - +0 leather armour
rPois   ∞          Reflect  .    (no helmet)
rElec   .          Rampage  .    (no cloak)
rCorr   .                        (no gloves)
Will    .....                    (boots unavailable)
Stlth   +                        (no amulet)
HPRegen 0.23/turn                (no ring)
MPRegen 0.00/turn                (no ring)

@: flying
A: sickness immunity, fire resistance 2, cold vulnerability 1, float, innate
caster, HP casting, extra vitality 1
a: no special abilities


You were on level 2 of the Dungeon.
You visited 1 branch of the dungeon, and saw 2 of its levels.

You collected 35 gold pieces.

Inventory:

Hand Weapons
 a - a +0 spear (weapon)
Missiles
 d - 7 boomerangs of dispersal (quivered)
Armour
 b - a +0 leather armour (worn)
Jewellery
 f - a ring of ice
Scrolls
 c - a scroll of blinking
 e - 2 scrolls of identify {unknown}


   Skills:
 - Level 2.0 Fighting
 - Level 1.5 Polearms
 - Level 0.7 Throwing
 - Level 1.0 Armour
 - Level 2.1 Dodging
 + Level 3.0 Spellcasting


You knew the following spells:

 Your Spells              Type           Power      Damage    Failure   Level
a - Blink                 Tloc           20%        N/A       12%         2
b - Lesser Beckoning      Tloc           20%        N/A       12%         2
c - Vhi's Electric Charg  Tloc/Air       20%        N/A       24%         3
d - Teleport Other        Tloc           10%        N/A       24%         3
e - Manifold Assault      Tloc           10%        N/A       63%         4
Your spell library was empty.

Dungeon Overview and Level Annotations

Branches:
Dungeon (2/15)

Altars:

Annotations:
D:2 Jessica


Innate Abilities, Weirdness & Mutations

You are immune to sickness and miasma.
You are immune to poison.
Your flesh is very heat resistant. (rF++)
You are vulnerable to cold. (rC-)
You float through the air rather than walking.
You learn spells naturally, not from books.
Your magical power is your life essence.
You have superior vitality. (+4 MHP)


Message History

You hit Jessica.
Jessica is moderately wounded.
Jessica hits you with a +0 club.
You barely miss Jessica.
Jessica is moderately wounded.
Jessica hits you with a +0 club.
You closely miss Jessica.
Jessica is moderately wounded.
Jessica barely misses you.
You closely miss Jessica.
Jessica is moderately wounded.
Jessica hits you with a +0 club.
You closely miss Jessica.
Jessica is moderately wounded.
Jessica mumbles some strange words.
Jessica blinks!
Jessica gestures at you while chanting.
You barely resist.
Jessica points at you and mumbles some strange words.
Pain shoots through your body!
You are too injured to fight recklessly!
You are too injured to fight recklessly!
You are too injured to fight recklessly!
You are too injured to fight recklessly!
You are too injured to fight recklessly!
Jessica hits you with a +0 club.
* * * LOW HITPOINT WARNING * * *
There is an open door here.
You barely miss Jessica.
Jessica is moderately wounded.
Jessica mumbles some strange words.
Jessica blinks!
Jessica mumbles some strange words.
Jessica blinks!
There is an open door here.
You reach down and close the door.
Something unseen breaks down the door.
Jessica gestures at you while chanting. Pain shoots through your body!
You die...

##.#.†##..# ..####..
##..#..###..#..# #.#
##...'..# #.#..# #.#
##..§.#..# ....# #.#
##.....#..# ..... #.#
##(...@##..# ..#.(##.#
#.....###..# ..##.†..#
###+#######'#####..#####
####.#
..............@.@........
#..
.#######.###..##.########
#.. ......#..###.###.###
#.# .......)...........#
#.# #####.##########.#.#
#.. #. ..#.# ### # ### #


You could see Jessica.

Vanquished Creatures
  2 endoplasms
  A giant cockroach (D:1)
  A hobgoblin (D:1)
  3 ball pythons (D:2)
  4 bats
  2 frilled lizards (D:1)
  2 goblins (D:2)
  A kobold (D:1)
  3 rats
19 creatures vanquished.

Notes
Turn   | Place    | Note
-------+----------+-------------------------------------------
     0 | D:1      | jimonade the Djinni Warper began the quest for the Orb.
     0 | D:1      | jimonade set off with the following spells memorised:
                  | Blink, Lesser Beckoning, Vhi's Electric Charge, Teleport
                  | Other, Manifold Assault.
     0 | D:1      | Reached XP level 1. HP: 18/18 MP: 0/0
   184 | D:1      | Reached XP level 2. HP: 22/23 MP: 0/0
   256 | D:1      | You are sucked into a shaft and drop 1 floor!
   347 | D:2      | Reached skill level 3 in Spellcasting
   515 | D:2      | Noticed Jessica
   550 | D:2      | HP: 1/23 [Jessica/+0 club (6)]
   561 | D:2      | Killed from afar by Jessica

Illustrated notes

Levels and vault maps discovered:
D:1:      lightli_arrival_statue_moat, layout_loops_ring,
          ebering_ecumenical_altar_box, feat_on_display
D:2:      layout_basic, minivault_19, minmay_quadrilaterals, uniq_terence,
          uniq_jessica

Skill      XL: |  1  2 |
---------------+-------+-----
Spellcasting   | 3 |  3.0
Fighting       | |  2.0
Polearms       | |  1.5
Throwing       | |  0.7
Armour         | |  1.0
Dodging        | |  2.1

Action                     || total
---------------------------++-------
  Melee: Spear             ||    75
   Stab: Sleeping          ||     1
 Armour: Leather armour    ||    14
  Dodge: Dodged            ||    35

Table legend: (Time is in decaauts)
 A = Elapsed time spent in this place.
 B = Non-inter-level travel time spent in this place.
 C = Inter-level travel time spent in this place.
 D = Time resting spent in this place.
 E = Time spent auto-exploring this place.
 F = Levels seen in this place.
 G = Mean time per level.
                   A        B        C        D        E       F      G
               +--------+--------+--------+--------+--------+-----+--------+
         Total |    561 |    561 |      0 |      0 |    399 |   2 |  280.5 |
       Dungeon |    561 |    561 |      0 |      0 |    399 |   2 |  280.5 |
               +--------+--------+--------+--------+--------+-----+--------+

Top non-repeatable levels by time:
     D:2: 305 daAuts
     D:1: 256 daAuts
